 Dungeon Crawl Stone Soup version 0.23.0 (webtiles) character file.

Game seed: 17024710946517303306

18983 Kairos the Cleaver (level 12, -11/62 HPs)
             Began as a Vine Stalker Fighter on Feb 10, 2019.
             Was a High Priest of Okawaru.
             Killed from afar by a gargoyle (25 damage)
             ... with a stone arrow
             ... in a Gauntlet.
             The game lasted 00:41:06 (12024 turns).

Kairos the Cleaver (Vine Stalker Fighter)          Turns: 12024, Time: 00:41:07

Health: -11/62     AC: 19    Str: 21      XL:     12   Next: 64%
Magic:  0/22       EV:  5    Int: 11 (12) God:    Okawaru [*****.]
Gold:   867        SH:  0    Dex: 14 (15) Spells: 23/23 levels left

rFire    . . .     SeeInvis .   K - +3 broad axe
rCold    . . .     Gourm    .   c - +3 shield
rNeg     + . .     Faith    .   W - +5 plate armour "Nuanoowo" {rN+ Int+4 Stlth-}
rPois    .         Spirit   +   (helmet restricted)
rElec    .         Reflect  +   (no cloak)
rCorr    .         Harm     .   (no gloves)
MR       ++...     NoTele   +   (no boots)
Stlth    ..........             C - +4 amulet of reflection
HPRegen  1.00/turn              J - ring of protection from magic
MPRegen  0.18/turn              (no ring)

@: heroism, held, studying Short Blades
A: fangs 3, horns 1, large bone plates 1, deterioration 1, regeneration 2, weak
1, magic shield, antimagic bite, no potion heal 3, rot immunity
a: Heroism, Finesse, Renounce Religion


You were in a Gauntlet.
You worshipped Okawaru.
Okawaru was extremely pleased with you.
You were not hungry.

You visited 3 branches of the dungeon, and saw 14 of its levels.
You also visited: Gauntlet.

You collected 867 gold pieces.

Inventory:

Hand Weapons
 h - the +3 dagger of Dust {freeze, *Slow rElec rF+ Dex+6}
   (You found it on level 5 of the Dungeon)

   It has been specially enchanted to freeze those struck by it, causing extra
   injury to most foes and up to half again as much damage against particularly
   susceptible opponents.
   It can also slow down cold-blooded creatures.
   It affects your dexterity (+6).
   It protects you from fire.
   It insulates you from electricity.
   It may slow you when you take damage.
 K - a +3 broad axe (weapon)
 N - the +8 whip "Loaqo" {drain, Str+3 Int+3}
   (You found it on level 8 of the Dungeon)

   A truly terrible weapon, it drains the life of those it strikes.
   It affects your strength (+3).
   It affects your intelligence (+3).
Armour
 c - a +3 shield (worn)
 k - the +8 ring mail of Cory {rC+ MP-9 Dex+6}
   (You found it on level 4 of the Dungeon)

   It affects your dexterity (+6).
   It protects you from cold.
   It affects your magic capacity (-9).
 w - a +1 helmet
 L - a +0 cloak
 R - the +6 ring mail "Earthly Heaven" {rElec}
   (You found it on level 1 of the Lair of Beasts)

   It insulates you from electricity.
 W - the +5 plate armour "Nuanoowo" (worn) {rN+ Int+4 Stlth-}
   (Okawaru gifted it to you on level 3 of the Lair of Beasts)

   It affects your intelligence (+4).
   It protects you from negative energy.
   It makes you less stealthy.
Magical Staves
 O - an uncursed staff of conjuration {unknown}
Jewellery
 j - an uncursed amulet of the acrobat
 C - a +4 amulet of reflection (around neck)
 J - a ring of protection from magic (left hand)
 M - an uncursed ring of protection from magic
 Q - an uncursed ring of stealth
Wands
 F - a wand of acid (10)
 G - a wand of enslavement (4)
 V - a wand of flame (13)
Scrolls
 e - 2 scrolls of teleportation
 m - 2 scrolls of fear
 t - 2 scrolls of remove curse
 u - 5 scrolls of fog
 y - 2 scrolls of blinking {unknown}
 A - 5 scrolls of amnesia {unknown}
 I - 2 scrolls of noise {unknown}
 P - a scroll of immolation {unknown}
 U - a scroll of summoning {unknown}
Potions
 d - 4 potions of might
 g - a potion of curing
 i - 2 potions of resistance
 o - 2 potions of berserk rage
 q - 3 potions of lignification
 v - a potion of mutation
 x - a potion of agility
 z - 3 potions of flight
 B - 2 potions of invisibility {unknown}
 D - 2 potions of brilliance
 H - 3 potions of degeneration {unknown}
 S - a potion of haste {unknown}
Books
 E - a manual of Short Blades
Miscellaneous
 b - a fan of gales
Comestibles
 f - 25 rations


   Skills:
 + Level 6.4(11.4) Fighting
 * Level 13.0(18.0) Axes
 + Level 0.8(13.6) Maces & Flails
 + Level 5.2(10.2) Armour
 + Level 4.1(9.1) Dodging
 + Level 2.3(7.3) Stealth
 + Level 7.7(12.7) Shields
 - Level 6.3 Spellcasting
 + Level 2.4 Invocations
 + Level 0.8 Evocations


You had 23 spell levels left.
You didn't know any spells.
Your spell library contained the following spells:

 Spells                   Type           Power        Failure   Level  Hunger
 Animate Skeleton         Necr           N/A          98%         1    None
 Apportation              Tloc           #.....       98%         1    None
 Confusing Touch          Hex            #.....       98%         1    None
 Flame Tongue             Conj/Fire      #....        98%         1    None
 Summon Butterflies       Summ           #.......     98%         1    None
 Summon Small Mammal      Summ           #...         98%         1    None
 Corpse Rot               Necr           N/A          99%         2    ##.....
 Call Canine Familiar     Summ           #.......     100%        3    ###....
 Stone Arrow              Conj/Erth      #.....       100%        3    ###....
 Leda's Liquefaction      Hex/Erth       #.........   100%        4    ####...
 Summon Ice Beast         Ice/Summ       #.......     100%        4    ####...
 Fireball                 Conj/Fire      #.........   100%        5    ######.
 Silence                  Hex/Air        #.........   100%        5    ######.
 Summon Forest            Summ/Tloc      #.........   100%        5    ######.
 Summon Mana Viper        Hex/Summ       #.......     100%        5    ######.
 Hydra Form               Tmut           #.........   100%        6    #######
 Summon Hydra             Summ           #.........   100%        7    #######


Dungeon Overview and Level Annotations

Branches:
Dungeon (9/15)             Temple (1/1) D:4            Lair (4/6) D:9
  Swamp (0/4) Lair:2        Snake (0/4) Lair:4
    Orc: D:9-12

Altars:
Ashenzari
Cheibriados
Dithmenos
Elyvilon
Fedhas
Hepliaklqana
Kikubaaqudgha
Makhleb
Nemelex Xobeh
Okawaru
Qazlal
Sif Muna
Trog
Uskayaw
Wu Jian
Xom
Yredelemnul
Zin
Jiyva

Shops:
D:5 =   D:6 =   D:9 (

Annotations:
D:3 1 runed translucent door
D:8 3 runed translucent doors, xight's ghost, novice DEFE Gauntlet 9 transporters


Innate Abilities, Weirdness & Mutations

You have razor-sharp teeth.
You heal very quickly.
When hurt, damage is shared between your health and your magic reserves.
Your bite disrupts and absorbs the magic of your enemies.
Potions cannot restore your health.
You are immune to rotting.
You have a pair of small horns on your head.
You are partially covered in large bone plates. (SH +4)
Your body sometimes deteriorates upon taking damage.
You are weak. (Str -2)


Message History

You are engulfed in calcifying dust.
Your hands slow down.
The catoblepas gores you!
The gargoyle hits you with a +0 morningstar!
You are engulfed in calcifying dust.
The catoblepas gores you!
The gargoyle hits you with a +0 morningstar.
The catoblepas gores you!!
The gargoyle hits you but does no damage.
The catoblepas gores you.
The gargoyle hits you with a +0 morningstar!!
Your body deteriorates!
You feel dopey.
The catoblepas gores you but does no damage.
The gargoyle hurls a stone arrow at you.
The stone arrow hits you!! The catoblepas gores you!
* * * LOW HITPOINT WARNING * * *
You turn to flesh and can move again.
You gain the combat prowess of a mighty hero.
The gargoyle hurls a stone arrow at you.
The stone arrow hits you!!
You die...

........#...#...^..^..#..#...#.
#.....#.#...#^#.#.#.#.#..#.8...
.##.##.[#####..#.#^#.?#..#...##
.##.##.[#...#^#.#.#^#}#..#.8...
.#.©.#.©#©.©#.§#.©.#.©#..#...##
.##.##..#...#.#§#.#^#[#..#≈8≈#
.##.##..#####..#)#.#..#..#####
#.....#.#...#.#9#Y#^#.#..###
........#.8.#..^@.....#..#8#
#########...###########..###
.........................#
........................§#
########################## #8#
#8# #8# #8# #8# #8# ### ### ###
### ### ###


You could see a catoblepas and a gargoyle.

Vanquished Creatures
  A fire dragon (D:9)
  A hydra (Lair:3)
  A two-headed ogre (D:8)
  5 elephants (Lair:3)
  A black mamba (Lair:1)
  A molten gargoyle (Gauntlet)
  4 spiny frogs
  An efreet (D:8)
  4 komodo dragons (Lair:3)
  A queen bee (Lair:1)
  3 blink frogs (Lair:3)
  5 hippogriffs
  A snapping turtle (shapeshifter) (D:8)
  10 flying skulls (Gauntlet)
  14 yaks
  A human (D:8)
  4 hogs (D:8)
  2 basilisks
  A hungry ghost (D:8)
  3 water moccasins
  2 ice beasts
  3 sky beasts
  A porcupine (Lair:4)
  A black bear (Lair:2)
  4 orc warriors
  7 ogres
  4 crocodiles
  7 bullfrogs
  2 scorpions
  26 killer bees
  8 wights
  4 howler monkeys
  2 crimson imps
  A bullfrog zombie (D:6)
  2 hounds
  5 orc priests
  A jelly (D:8)
  A quasit (D:9)
  A bullfrog skeleton (D:8)
  7 iguanas
  Jessica (D:2)
  Ijyb (D:3)
  6 orc wizards
  4 worker ants
  2 killer bee zombies (D:8)
  2 hound skeletons
  A worker ant zombie (D:7)
  Robin (D:3)
  13 adders
  A shadow imp (D:5)
  4 worms
  4 dart slugs
  9 leopard geckos
  31 orcs
  3 ball pythons
  4 bats
  5 giant cockroaches
  4 hobgoblins
  20 jackals
  10 kobolds
  5 quokkas
  A ball python zombie (D:5)
  8 frilled lizards
  16 goblins
  2 leopard gecko skeletons
  A leopard gecko zombie (D:7)
  A quokka skeleton (D:5)
  2 quokka zombies
  3 rats
  A fungus (Lair:2)
319 creatures vanquished.

Vanquished Creatures (others)
  A fungus (Lair:3)
  14 withered plants (Gauntlet)
15 creatures vanquished.

Grand Total: 334 creatures vanquished

Notes
Turn   | Place    | Note
-------+----------+-------------------------------------------
     0 | D:1      | Kairos the Vine Stalker Fighter began the quest for the
                  | Orb.
     0 | D:1      | Reached XP level 1. HP: 11/11 MP: 2/2
   187 | D:1      | Reached XP level 2. HP: 12/16 MP: 3/3
   951 | D:1      | Reached skill level 2 in Axes
  1037 | D:1      | Reached XP level 3. HP: 18/19 MP: 4/4
  1157 | D:2      | Noticed Jessica
  1162 | D:2      | Killed Jessica
  1169 | D:2      | Gained mutation: Your natural rate of healing is unusually
                  | fast. [Vine Stalker growth]
  1169 | D:2      | Reached XP level 4. HP: 23/23 MP: 5/5
  1479 | D:2      | Found a sparkling altar of Nemelex Xobeh.
  1801 | D:3      | Noticed Robin
  1835 | D:3      | Killed Robin
  1835 | D:3      | Reached XP level 5. HP: 25/28 MP: 2/6
  1902 | D:3      | Noticed Ijyb
  1920 | D:3      | Killed Ijyb
  2004 | D:3      | Reached skill level 3 in Axes
  2243 | D:3      | Found a glowing silver altar of Zin.
  2244 | D:3      | Found a runed translucent door.
  2244 | D:3      | Noticed an angel
  2536 | D:4      | Found a staircase to the Ecumenical Temple.
  2541 | D:4      | Got a spiked ring mail
  2544 | Temple   | Entered the Ecumenical Temple
  2555 | Temple   | Identified the +8 ring mail of Cory {rC+ MP-9 Dex+6} (You
                  | found it on level 4 of the Dungeon)
  2596 | Temple   | Became a worshipper of Warmaster Okawaru
  2630 | D:4      | Reached XP level 6. HP: 32/32 MP: 0/7
  3681 | D:5      | Entered Level 5 of the Dungeon
  3707 | D:5      | Found Xoluel's Jewellery Emporium.
  3760 | D:5      | Noticed an ice beast
  3784 | D:5      | Killed an ice beast
  3784 | D:5      | Reached skill level 4 in Axes
  3789 | D:5      | Reached * piety under Okawaru
  3789 | D:5      | Reached skill level 1 in Dodging
  3789 | D:5      | Reached XP level 7. HP: 20/36 MP: 0/8
  4303 | D:5      | Reached skill level 5 in Axes
  4623 | D:5      | Got a warped dagger
  4701 | D:5      | Identified the +3 dagger of Dust {freeze, *Slow rElec rF+
                  | Dex+6} (You found it on level 5 of the Dungeon)
  4877 | D:6      | Found Lubboll's Jewellery Emporium.
  4908 | D:6      | Reached ** piety under Okawaru
  4908 | D:6      | Gained mutation: You have razor-sharp teeth. [Vine Stalker
                  | growth]
  4908 | D:6      | Reached XP level 8. HP: 4/42 MP: 0/9
  5501 | D:7      | Reached skill level 1 in Stealth
  5730 | D:7      | Reached skill level 1 in Spellcasting
  6162 | D:7      | Reached skill level 5 in Shields
  6327 | D:7      | Reached skill level 6 in Axes
  6587 | D:8      | Noticed a hippogriff
  6632 | D:8      | Reached skill level 1 in Invocations
  6666 | D:8      | Found a runed translucent gate.
  6667 | D:8      | Found a runed translucent gate.
  6668 | D:8      | Found a runed translucent gate.
  6670 | D:8      | Found a viscous altar of Jiyva.
  6670 | D:8      | Noticed xight's ghost (novice DEFE)
  6670 | D:8      | Noticed a slime creature
  6670 | D:8      | Noticed a slime creature
  6745 | D:8      | Reached XP level 9. HP: 46/46 MP: 4/13
  6788 | D:8      | Found a large runed translucent door.
  6788 | D:8      | Found a large runed translucent door.
  6918 | D:8      | Noticed a two-headed ogre
  6930 | D:8      | Killed a two-headed ogre
  6930 | D:8      | Reached *** piety under Okawaru
  6930 | D:8      | Reached skill level 7 in Axes
  6975 | D:8      | Noticed an efreet
  6986 | D:8      | Killed an efreet
  7094 | D:8      | Reached skill level 8 in Axes
  7094 | D:8      | Reached XP level 10. HP: 30/51 MP: 4/17
  7133 | D:8      | Reached **** piety under Okawaru
  7175 | D:8      | Noticed a moth of wrath
  7180 | D:8      | Found a large runed translucent door.
  7180 | D:8      | Found a large runed translucent door.
  7189 | D:8      | Noticed a water nymph
  7189 | D:8      | a moth of wrath changed into a water nymph
  7230 | D:8      | a water nymph changed into a snapping turtle
  7265 | D:8      | Noticed a shining eye
  7265 | D:8      | a redback changed into a shining eye
  7278 | D:8      | Noticed a sea snake
  7278 | D:8      | a shining eye changed into a sea snake
  7306 | D:8      | a sea snake changed into a swamp worm
  7347 | D:8      | Noticed a wolf spider
  7347 | D:8      | a swamp worm changed into a wolf spider
  7425 | D:8      | Reached skill level 9 in Axes
  7536 | D:8      | Reached skill level 5 in Spellcasting
  7549 | D:8      | Got a pitted whip
  7550 | D:8      | Identified the +8 whip "Loaqo" {drain, Str+3 Int+3} (You
                  | found it on level 8 of the Dungeon)
  7621 | D:9      | Reached skill level 5 in Fighting
  7643 | D:9      | Found an ornate altar of the Wu Jian Council.
  7706 | D:9      | Noticed a fire dragon
  7707 | D:9      | Found a staircase to the Lair.
  7719 | D:9      | Killed a fire dragon
  7719 | D:9      | Reached ***** piety under Okawaru
  7896 | D:9      | Found Enle's Antique Weapon Boutique.
  8461 | Lair:1   | Entered Level 1 of the Lair of Beasts
  8490 | Lair:1   | Identified the Incunabulum of Execration and Heat
  8505 | Lair:1   | Reached skill level 10 in Axes
  8521 | Lair:1   | Reached XP level 11. HP: 51/56 MP: 11/20
  8742 | Lair:1   | Gained mutation: Scrolls take you a little longer to read.
                  | [potion of mutation]
  8742 | Lair:1   | Gained mutation: You have a pair of small antennae on your
                  | head. [potion of mutation]
  8933 | Lair:1   | Lost mutation: Scrolls take you a little longer to read.
                  | [potion of mutation]
  8933 | Lair:1   | Lost mutation: You have a pair of small antennae on your
                  | head. [potion of mutation]
  8933 | Lair:1   | Gained mutation: You have a pair of small horns on your
                  | head. [potion of mutation]
  8933 | Lair:1   | Gained mutation: Your body sometimes deteriorates upon
                  | taking damage. [potion of mutation]
  8933 | Lair:1   | Gained mutation: You have a pair of horns on your head.
                  | [potion of mutation]
  8933 | Lair:1   | Gained mutation: Your muscles are strong. (Str +2) [potion
                  | of mutation]
  8934 | Lair:1   | Lost mutation: Your body sometimes deteriorates upon taking
                  | damage. [potion of mutation]
  8934 | Lair:1   | Lost mutation: You have a pair of horns on your head.
                  | [potion of mutation]
  8934 | Lair:1   | Lost mutation: Your muscles are strong. (Str +2) [potion of
                  | mutation]
  8934 | Lair:1   | Gained mutation: Your body sometimes deteriorates upon
                  | taking damage. [potion of mutation]
  8934 | Lair:1   | Gained mutation: You are weak. (Str -2) [potion of
                  | mutation]
  8934 | Lair:1   | Gained mutation: You are partially covered in large bone
                  | plates. (SH +4) [potion of mutation]
  9169 | Lair:1   | Received a gift from Okawaru
  9236 | Lair:1   | Got a smoking ring mail
  9247 | Lair:1   | Identified the +6 ring mail "Earthly Heaven" {rElec} (You
                  | found it on level 1 of the Lair of Beasts)
  9256 | Lair:1   | Found a basalt altar of Yredelemnul.
  9883 | Lair:2   | Received a gift from Okawaru
  9886 | Lair:2   | Reached skill level 11 in Axes
 10223 | Lair:2   | Found a staircase to the Swamp.
 10690 | Lair:3   | Gained mutation: You heal very quickly. [Vine Stalker
                  | growth]
 10690 | Lair:3   | Reached XP level 12. HP: 41/61 MP: 14/22
 10691 | Lair:3   | Reached skill level 12 in Axes
 10802 | Lair:3   | Noticed a six-headed hydra
 10817 | Lair:3   | Killed a six-headed hydra
 10817 | Lair:3   | Received a gift from Okawaru
 10820 | Lair:3   | Got an encrusted plate armour {god gift}
 10831 | Lair:3   | Identified the +5 plate armour "Nuanoowo" {rN+ Int+4
                  | Stlth-} (Okawaru gifted it to you on level 3 of the Lair of
                  | Beasts)
 10845 | Lair:3   | Found a shadowy altar of Dithmenos.
 10993 | Lair:3   | Reached skill level 5 in Armour
 11000 | Lair:3   | Reached ****** piety under Okawaru
 11523 | Lair:4   | Found a gate leading to a gauntlet.
 11550 | Gauntlet | Entered a Gauntlet
 11550 | Gauntlet | Found a transporter.
 11550 | Gauntlet | Found a transporter.
 11550 | Gauntlet | Found a transporter.
 11571 | Gauntlet | Found a transporter.
 11573 | Gauntlet | Found a transporter.
 11582 | Gauntlet | Noticed a catoblepas
 11583 | Gauntlet | Found a transporter.
 11604 | Gauntlet | Found a transporter.
 11612 | Gauntlet | Found a transporter.
 11618 | Gauntlet | Found a transporter.
 11636 | Gauntlet | Found a transporter.
 11644 | Gauntlet | Found a transporter.
 11661 | Gauntlet | Found a transporter.
 11971 | Gauntlet | Got a bloodstained cloak
 11987 | Gauntlet | Identified the cursed -5 cloak of the Rose {*Slow rElec
                  | rN++ SInv} (You found it in a Gauntlet)
 12008 | Gauntlet | Reached skill level 13 in Axes
 12024 | Gauntlet | Killed from afar by a gargoyle

Skill      XL: |  1  2  3  4  5  6  7  8  9 10 11 12 |
---------------+-------------------------------------+-----
Shields        | 3 4 5 6 7 |  7.7
Axes           | 2 3 4 5 6 8 10 11 13 | 13.0
Fighting       | 3 4 5 6 |  6.4
Armour         | 3 4 5 |  5.2
Dodging        | 1 2 3 4 |  4.1
Stealth        | 1 2 |  2.3
Spellcasting   | 2 4 5 6 |  6.3
Invocations    | 1 2 |  2.4
Maces & Flails | |  0.8
Evocations     | |  0.8

Action                   |  1- 3 |  4- 6 |  7- 9 | 10-12 || total
-------------------------+-------+-------+-------+-------++-------
Melee: War axe           |    65 |   183 |   119 |       ||   367
       Bite              |    16 |    52 |   107 |   188 ||   363
       Broad axe         |       |       |   127 |   442 ||   569
       Headbutt          |       |       |       |    58 ||    58
       Whip              |       |       |       |    12 ||    12
Invok: Heroism           |       |       |     5 |    15 ||    20
       Finesse           |       |       |       |     1 ||     1
Evoke: Wand              |       |       |     5 |       ||     5
  Use: Scroll            |       |     4 |    10 |    12 ||    26
       Potion            |       |       |       |     5 ||     5
 Stab: Sleeping          |       |       |     2 |     4 ||     6
       Distracted        |       |       |     1 |       ||     1
  Eat: Chunk             |       |     8 |     2 |    10 ||    20
       Ration            |       |       |     3 |     2 ||     5
Armor: Scale mail        |    29 |    49 |       |       ||    78
       Ring mail         |       |    13 |    57 |   111 ||   181
       Plate armour      |       |       |       |    29 ||    29
Dodge: Dodged            |    17 |    58 |    55 |   215 ||   345
Block: Shield            |    28 |    98 |   195 |   483 ||   804
       Reflection        |       |       |     7 |     1 ||     8
